 Dungeon Crawl Stone Soup version 0.19-a0-1608-g4cf22de (webtiles) character file.

34 Alarkh the Grave Robber (level 3, -7/24 HPs)
             Began as a Mummy Necromancer on Sept 17, 2016.
             Mangled by Sigmund
             ... wielding a +0 scythe
              (13 damage)
             ... on level 2 of the Dungeon.
             The game lasted 00:02:16 (1437 turns).

Alarkh the Grave Robber (Mummy Necromancer)         Turns: 1437, Time: 00:02:16

Health: -7/24      AC:  3    Str: 11    XL:     3   Next: 14%
Magic:  1/7        EV: 11    Int: 15    God:
Gold:   108        SH:  0    Dex: 12    Spells: 1 memorised, 6 levels left

rFire  x . .     SeeInvis .     (no weapon)
rCold  + . .     Gourm    .     i - +0 leather armour
rNeg   + + +     Faith    .     (no shield)
rPois  ∞         Spirit   .     (no helmet)
rElec  .         Dismiss  .     (no cloak)
rCorr  .         Reflect  .     (no gloves)
MR     .....     Harm     .     (no boots)
Stlth  +.........               (no amulet)
                                (no ring)
                                d - ring of flight

@: confused
A: no food or potions, fire vulnerability, cold resistance 1, negative energy
resistance 3, torment resistance, unbreathing
a: Evoke Flight


You were on level 2 of the Dungeon.
You were not hungry.

You visited 1 branch of the dungeon, and saw 2 of its levels.

You collected 108 gold pieces.

Inventory:

Armour
 a - a +0 robe
 i - a +0 leather armour (worn)
Jewellery
 d - a ring of flight (left hand)
Scrolls
 c - a scroll of noise {unknown}
 e - a scroll of remove curse
 f - a scroll of recharging {unknown}
 g - a scroll of enchant armour {unknown}
Books
 b - a book of Necromancy

   Spells                             Type                      Level
   a - Pain                           Necromancy                   1
   b - Animate Skeleton               Necromancy                   1
   c - Vampiric Draining              Necromancy                   3
   d - Regeneration                   Charms/Necromancy            3
   e - Animate Dead                   Necromancy                   4
   f - Control Undead                 Necromancy                   4


   Skills:
 - Level 1.5 Dodging
 - Level 1.5 Stealth
 + Level 2.6 Spellcasting
 + Level 4.6 Necromancy


You had 6 spell levels left.
You knew the following spells:

 Your Spells              Type           Power        Failure   Level  Hunger
a - Pain                  Necr           ###.         4%          1    N/A

Dungeon Overview and Level Annotations

Branches:
Dungeon (2/15)

Altars:

Annotations:
D:2 Sigmund


Innate Abilities, Weirdness & Mutations

You do not eat or drink.
Your flesh is vulnerable to fire.
You are immune to poison.
Your flesh is cold resistant. (rC+)
You are immune to negative energy. (rN+++)
You are immune to unholy pain and torment.
You can survive without breathing.


Message History

Aiming: Pain
Press: ? - help, Shift-Dir - straight line, f/p - Sigmund
Aim: Sigmund, wielding a scythe and wearing a robe (heavily wounded, chance to defeat MR: 80%) Sigmund writhes in agony!
Sigmund hits you from afar with a scythe!
Ouch! That really hurt!
* * * LOW HITPOINT WARNING * * *
Casting: Pain
Confirm with . or Enter, or press ? or * to list all spells.
Aiming: Pain
Press: ? - help, Shift-Dir - straight line, f/p - Sigmund
Aim: Sigmund, wielding a scythe and wearing a robe (severely wounded, chance to defeat MR: 80%) Sigmund writhes in agony!
Sigmund gestures at you while chanting.
You are confused.
You bump into the rock wall.
You bump into the rock wall.
Sigmund hits you from afar with a scythe!
Ouch! That really hurt!
You die...

#####.............#.#####
..................#.....#
#####...................#
.......................>#
...##.#.#.####....#.###.#
.. #.#...).......#.# .
..###.........#.#
##..#######.####.# #.
.........@...#
....##@###### . #.# #g#
#.# #.# ... ... ...


You could see Sigmund.

Vanquished Creatures
  2 dart slugs (D:1)
  A leopard gecko (D:1)
  5 bats
  4 giant cockroaches (D:1)
  6 goblins
  2 hobgoblins (D:1)
  A ball python (D:1)
  2 frilled lizards (D:1)
  4 rats (D:1)
27 creatures vanquished.

Vanquished Creatures (others)
  A bush (D:1)
1 creature vanquished.

Grand Total: 28 creatures vanquished

Notes
Turn   | Place    | Note
-------+----------+-------------------------------------------
     0 | D:1      | Alarkh the Mummy Necromancer began the quest for the Orb.
     0 | D:1      | Reached XP level 1. HP: 13/13 MP: 3/3
   216 | D:1      | Reached XP level 2. HP: 12/19 MP: 0/5
  1063 | D:1      | Reached XP level 3. HP: 9/24 MP: 0/7
  1421 | D:2      | Noticed Sigmund
  1437 | D:2      | Mangled by Sigmund

Vault maps used:
D:1:      dpeg_arrival_prison, serial_forest, infiniplex_forest_clump_large,
          infiniplex_forest_clump_diagonal, infiniplex_forest_lined_2,
          infiniplex_forest_straight_2, infiniplex_forest_lined_2,
          infiniplex_forest_lined_2, infiniplex_forest_straight_4,
          infiniplex_forest_end_1, infiniplex_forest_diagonal
D:2:      nicolae_dithmenos_shadow_blocks, uniq_sigmund

Action                   || total
-------------------------++-------
Melee: Unarmed           ||    59
 Cast: Pain              ||    60
  Use: Scroll            ||     2
Armor: Robe              ||    24
Dodge: Dodged            ||    59
